 Dungeon Crawl Stone Soup version 0.27.1-1-g398f81649c (webtiles) character file.

Game seed: 15089912944699752924

979 Destapler the Skirmisher (level 7, 0/55 (58) HPs)
             Began as a Demonspawn Fighter on Sept 10, 2021.
             Was a Priest of Wu Jian.
             Slain by a necrophage (1 damage)
             ... on level 5 of the Dungeon.
             The game lasted 00:08:38 (4655 turns).

Destapler the Skirmisher (Demonspawn Fighter)       Turns: 4655, Time: 00:08:39

HP:   0/55 (58)     AC: 11    Str: 18    XL:     7   Next: 96%
MP:   7/7           EV:  7    Int: 10    God:    Wu Jian [***...]
Gold: 200           SH:  0    Dex: 12    Spells: 6/6 levels left

rFire    . . .     SeeInvis .   a - +0 war axe
rCold    . . .     Faith    .   c - +0 kite shield
rNeg     . . .     Spirit   .   b - +0 scale mail
rPois    .         Reflect  +   (no helmet)
rElec    .         Harm     .   i - +0 cloak
rCorr    .         Rampage  .   r - +0 pair of gloves
Will     +....                  (no boots)
Stlth    ..........             l - amulet of reflection
HPRegen  0.18/turn              j - ring of willpower
MPRegen  0.20/turn              (no ring)

@: confused, drained
A: talons 1, molten scales 1, magic regeneration, condensation shield
a: Renounce Religion, Wall Jump, Serpent's Lash


You were on level 5 of the Dungeon.
You worshipped Wu Jian.
Wu Jian was most pleased with you.
You visited 1 branch of the dungeon, and saw 5 of its levels.

You collected 200 gold pieces.

Inventory:

Hand Weapons
 a - a +0 war axe (weapon)
Missiles
 g - 105 stones (quivered)
 p - 6 boomerangs
Armour
 b - a +0 scale mail (worn)
 c - a +0 kite shield (worn)
 i - a +0 cloak (worn)
 m - a scarf of repulsion
 r - a +0 pair of gloves (worn)
Jewellery
 j - a ring of willpower (left hand)
 l - an amulet of reflection (around neck)
 y - an amulet of the acrobat
Scrolls
 f - 2 scrolls of teleportation {unknown}
 h - 3 scrolls of identify {unknown}
 k - a scroll of immolation {unknown}
 q - a scroll of enchant armour {unknown}
 v - a scroll of enchant weapon {unknown}
 x - a scroll of noise {unknown}
Potions
 e - a potion of flight
 o - a potion of cancellation {unknown}
 s - a potion of brilliance
 t - a potion of curing
 u - a potion of attraction {unknown}
 w - 3 potions of heal wounds


   Skills:
 + Level 6.0 Fighting
 + Level 2.0 Axes
 + Level 5.4 Armour
 + Level 0.5 Dodging
 + Level 5.4 Shields


You had 6 spell levels left.
You didn't know any spells.
Your spell library was empty.

Dungeon Overview and Level Annotations

Branches:
Dungeon (5/15)
 Temple: D:4-7

Altars:
Makhleb
Wu Jian

Shops:
D:1 (   D:4 =

Annotations:
D:5 Blork the orc


Innate Abilities, Weirdness & Mutations

You have sharp toenails.
You are partially covered in molten scales. (AC +2)
You regenerate magic rapidly.
A meltable shield of frost defends you. (SH +4)


Message History

You block the necrophage's attack. You block Blork the orc's attack.
The necrophage hits you.
You feel drained.
An orc wizard comes into view. It is wielding a +0 dagger.
The necrophage hits you but does no damage.
You closely miss Blork the orc.
Blork the orc is moderately wounded.
You barely miss the necrophage. You hit the necrophage.
Blork the orc gestures at you while chanting.
The magic dart hits you.
* * * LOW HITPOINT WARNING * * *
You block the necrophage's attack.
The orc wizard gestures at you while chanting.
You are confused.
The necrophage hits you but does no damage.
Blork the orc hits you but does no damage.
The necrophage hits you but does no damage.
You barely miss the necrophage. Your kick misses the necrophage.
You hit Blork the orc but do no damage. You hit the necrophage.
The necrophage barely misses you.
Blork the orc hits you with a +0 halberd.
* * * LOW HITPOINT WARNING * * *
The necrophage hits you but does no damage. x2
You closely miss Blork the orc.
You claw Blork the orc, but do no damage.
Blork the orc is moderately wounded.
You completely miss the necrophage. You miss the necrophage.
Blork the orc hits you with a +0 halberd!
* * * LOW HITPOINT WARNING * * *
The necrophage hits you but does no damage. x2
Blork the orc zaps a wand.
You resist with almost no effort. The necrophage closely misses you.
You slash Blork the orc! You claw Blork the orc.
Blork the orc is severely wounded.
You barely miss the necrophage. You miss the necrophage.
The necrophage barely misses you. Blork the orc casts a spell at you.
The magic dart hits you.
* * * LOW HITPOINT WARNING * * *
The necrophage hits you.
You die...

.............##
.............#
.............#
.............#
.............#
.....o.......#
.............#
.......o...$.#
......n@.....#
......n......#
.....#.......#
.....#########
.... .... .


You could see Blork the orc, 2 necrophages and an orc wizard.

Vanquished Creatures
  Sigmund (D:4)
  Eustachio (D:4)
  Duvessa (D:4)
  A black bear (D:5)
  Dowan (D:4)
  A jelly (D:5)
  A hound (D:5)
  A centaur skeleton (D:5)
  A bullfrog skeleton (D:5)
  Ijyb (D:4)
  A hound skeleton (D:4)
  10 adders
  10 gnolls
  3 worms
  3 dart slugs
  4 bats
  6 endoplasms
  5 giant cockroaches
  5 goblins
  6 hobgoblins
  3 jackals (D:4)
  13 kobolds
  A quokka (D:1)
  5 ball pythons
  7 frilled lizards
  7 rats
99 creatures vanquished.

Notes
Turn   | Place    | Note
-------+----------+-------------------------------------------
     0 | D:1      | Destapler the Demonspawn Fighter began the quest for the
                  | Orb.
     0 | D:1      | Reached XP level 1. HP: 18/18 MP: 1/1
   257 | D:1      | Found a faded altar of an unknown god.
   262 | D:1      | Gained mutation: You are partially covered in molten
                  | scales. (AC +2) [demonic ancestry]
   262 | D:1      | Reached XP level 2. HP: 21/24 MP: 2/2
   269 | D:1      | Noticed a floating eye
   275 | D:1      | Noticed a great orb of eyes
   275 | D:1      | Noticed a great orb of eyes
   275 | D:1      | Noticed a shining eye
   280 | D:1      | Found Hiory's Weapon Shop.
   305 | D:1      | Became a worshipper of the Wu Jian Council
   305 | D:1      | Reached * piety under Wu Jian
   567 | D:1      | Gained mutation: You regenerate magic rapidly. [demonic
                  | ancestry]
   567 | D:1      | Reached XP level 3. HP: 29/29 MP: 3/3
   921 | D:1      | Reached ** piety under Wu Jian
  1328 | D:2      | Gained mutation: A meltable shield of frost defends you.
                  | (SH +4) [demonic ancestry]
  1328 | D:2      | Reached XP level 4. HP: 26/37 MP: 4/4
  1723 | D:2      | Reached skill level 4 in Fighting
  1930 | D:2      | Gained mutation: You have sharp toenails. [demonic
                  | ancestry]
  1930 | D:2      | Reached XP level 5. HP: 40/42 MP: 5/5
  2390 | D:3      | Found a burning altar of Makhleb.
  3375 | D:4      | Reached *** piety under Wu Jian
  3564 | D:4      | Reached XP level 6. HP: 44/49 MP: 6/6
  3613 | D:4      | Found Kaitaofa's Jewellery Boutique.
  3635 | D:4      | Noticed Duvessa
  3635 | D:4      | Noticed Dowan
  3644 | D:4      | Killed Duvessa
  3660 | D:4      | Killed Dowan
  3661 | D:4      | Reached skill level 5 in Fighting
  3945 | D:4      | Noticed Sigmund
  3952 | D:4      | Noticed Ijyb
  3966 | D:4      | Killed Sigmund
  3967 | D:4      | Reached XP level 7. HP: 35/56 MP: 7/7
  3974 | D:4      | Killed Ijyb
  4428 | D:4      | Noticed Eustachio
  4438 | D:4      | Killed Eustachio
  4439 | D:4      | Reached skill level 5 in Armour
  4439 | D:4      | Reached skill level 5 in Shields
  4479 | D:5      | Entered Level 5 of the Dungeon
  4633 | D:5      | Noticed Blork the orc
  4639 | D:5      | Reached skill level 6 in Fighting
  4655 | D:5      | HP: 1/55 [Blork the orc/magic dart (6)]
  4655 | D:5      | Slain by a necrophage

Illustrated notes

Levels and vault maps discovered:
D:1:      minmay_arrival_shattered_statue, layout_loops_ring, serial_shops,
          nicolae_shop_temple_entry_statues_fountains,
          hellmonk_ecumenical_altar_watching_god
D:2:      layout_basic
D:3:      minmay_general_purpose_star, layout_loops_corners,
          mainiacjoe_overflow_boulevard, hangedman_decor_opposing
D:4:      layout_basic, serial_shops, nicolae_take_the_stairs, uniq_eustachio,
          uniq_duvessa, uniq_sigmund, uniq_ijyb
D:5:      layout_basic, lemuel_tele_altar, mainiacjoe_overflow_paths,
          temple_hall, uniq_blork_the_orc

Skill      XL: |  1  2  3  4  5  6  7 |
---------------+----------------------+-----
Shields        | 3 4 5 |  5.4
Armour         | 3 4 5 |  5.4
Fighting       | 4 5 6 |  6.0
Axes           | 2 |  2.0
Dodging        | |  0.5

Action                   |  1- 3 |  4- 6 |  7- 9 || total
-------------------------+-------+-------+-------++-------
Melee: War axe           |   123 |   166 |    58 ||   347
       Kick              |       |    32 |    22 ||    54
Throw: Stone             |    13 |       |       ||    13
Invok: Lunge             |     6 |    20 |       ||    26
       Whirlwind         |       |       |     2 ||     2
  Use: Potion            |       |     6 |     1 ||     7
       Scroll            |       |       |     1 ||     1
Armor: Scale mail        |    67 |    37 |    61 ||   165
Dodge: Dodged            |    40 |    42 |    32 ||   114
Block: Kite shield       |    79 |   184 |    86 ||   349
       Reflection        |       |     1 |     1 ||     2
